 Dungeon Crawl Stone Soup version 0.21.0-24-g2553a33 (webtiles) character file.

1166 tidbits the Firebug (level 8, -8/58 HPs)
             Began as a Gnoll Fire Elementalist on Jan 19, 2018.
             Was a Believer of Cheibriados.
             Mangled by a two-headed ogre
             ... wielding a +0 giant spiked club
              (23 damage)
             ... on level 8 of the Dungeon.
             The game lasted 00:14:00 (1649 turns).

tidbits the Firebug (Gnoll Fire Elementalist)       Turns: 1649, Time: 00:14:01

Health: -8/58      AC:  5    Str: 19    XL:     8   Next: 40%
Magic:  0/17       EV: 15    Int: 27    God:    Cheibriados [**....]
Gold:   137        SH:  0    Dex: 23    Spells: 9/19 levels left

rFire    + . .     SeeInvis .   a - +5 dagger of Imu Tatwauw {pierce, +Fly rF+ Str+3 Int-2 Dex+3}
rCold    . . .     Gourm    .   (no shield)
rNeg     . . .     Faith    .   B - +0 ring mail (curse)
rPois    .         Spirit   +   (no helmet)
rElec    .         Reflect  .   (no cloak)
rCorr    .         Harm     .   (no gloves)
MR       .....                  (no boots)
Stlth    +++.......             y - amulet "Waddus" {Spirit Int+4}
HPRegen  0.19/turn              (no ring)
MPRegen  0.15/turn              (no ring)

@: very slow
A: distributed training, fangs 1, mutation resistance 1, wild magic 1, strong
nose
a: Bend Time, Renounce Religion, Evoke Flight


You were on level 8 of the Dungeon.
You worshipped Cheibriados.
Cheibriados was pleased with you.
You were full.

You visited 1 branch of the dungeon, and saw 8 of its levels.
You also visited: Sewer.

You collected 137 gold pieces.

Inventory:

Hand Weapons
 a - the +5 dagger of Imu Tatwauw (weapon) {pierce, +Fly rF+ Str+3 Int-2 Dex+3}
   (You found it on level 4 of the Dungeon)

   It inflicts extra damage upon your enemies.
   It affects your strength (+3).
   It affects your intelligence (-2).
   It affects your dexterity (+3).
   It protects you from fire.
   It lets you fly.
 d - a +0 short sword
 e - a +0 hunting sling
 j - a -2 dagger
 k - a +1 flail of draining
   (You found it on level 2 of the Dungeon)
 m - a +0 trident
 s - a +1 whip of venom
   (You found it on level 4 of the Dungeon)
 v - a +0 shortbow
Missiles
 f - 8 curare-tipped needles
 g - 10 sling bullets
 h - 8 tomahawks (quivered)
 w - 24 arrows
Armour
 p - a +0 robe
 t - a +2 scale mail of cold resistance
   (You found it on level 5 of the Dungeon)
 B - a cursed +0 ring mail (worn)
 C - a +0 shield
Magical Staves
 n - an uncursed staff of cold {unknown}
   (You found it in a sewer)
 x - an uncursed staff of summoning {unknown}
   (You found it on level 6 of the Dungeon)
Jewellery
 y - the amulet "Waddus" (around neck) {Spirit Int+4}
   (You found it on level 4 of the Dungeon)

   [amulet of guardian spirit]

   It causes incoming damage to be split between your health and magic.
   It affects your intelligence (+4).
Wands
 o - a wand of polymorph (24)
 D - a wand of flame (21)
Scrolls
 l - a scroll of fog
 r - 3 scrolls of remove curse
 z - 3 scrolls of fear
Potions
 i - a potion of haste
 q - a potion of flight
 u - a potion of curing
 A - a potion of magic
Books
 b - a book of Flames

   Spells                             Type                      Level
   a - Flame Tongue                   Conjuration/Fire             1
   b - Throw Flame                    Conjuration/Fire             2
   c - Conjure Flame                  Conjuration/Fire             3
   d - Inner Flame                    Hexes/Fire                   3
   e - Sticky Flame                   Conjuration/Fire             4
   f - Fireball                       Conjuration/Fire             5
Comestibles
 c - 6 rations


   Skills:
 + Level 3.2 Fighting
 + Level 3.2 Short Blades
 + Level 3.2 Long Blades
 + Level 3.2 Axes
 + Level 3.2 Maces & Flails
 + Level 3.2 Polearms
 + Level 3.2 Staves
 + Level 3.2 Slings
 + Level 3.2 Bows
 + Level 3.2 Crossbows
 + Level 3.2 Throwing
 + Level 3.2 Armour
 + Level 5.6 Dodging
 + Level 5.3 Stealth
 + Level 3.2 Shields
 + Level 3.2 Unarmed Combat
 + Level 6.0 Spellcasting
 + Level 3.4 Conjurations
 + Level 2.6 Hexes
 + Level 2.6 Charms
 + Level 2.6 Summonings
 + Level 2.6 Necromancy
 + Level 2.6 Translocations
 + Level 2.6 Transmutations
 + Level 6.1 Fire Magic
 + Level 2.6 Ice Magic
 + Level 2.6 Air Magic
 + Level 2.6 Earth Magic
 + Level 2.6 Poison Magic
 + Level 3.5 Invocations
 + Level 3.2 Evocations


You had 9 spell levels left.
You knew the following spells:

 Your Spells              Type           Power        Failure   Level  Hunger
a - Flame Tongue          Conj/Fire      #####        3%          1    None
c - Conjure Flame         Conj/Fire      #####...     8%          3    None
f - Throw Flame           Conj/Fire      #####.       4%          2    None
i - Sticky Flame          Conj/Fire      #####...     22%         4    ###....


Dungeon Overview and Level Annotations

Branches:
Dungeon (8/15)
 Temple: D:4-7         Lair: D:8-11

Altars:
Cheibriados
Dithmenos
Kikubaaqudgha

Shops:
D:4 [

Annotations:
D:3 Grinder
D:4 MenacingMecha's ghost, amateur MiBe
D:5 PeterLawrence's ghost, novice MiFi


Innate Abilities, Weirdness & Mutations

Your experience applies equally to all skills.
You have very sharp teeth.
Your uncanny sense of smell can sniff out nearby items.
You are somewhat resistant to further mutation.
Your spells are a little harder to cast, but a little more powerful.


Message History

h - 8 tomahawks (gained 1)
You see here 15 gold pieces.
You now have 124 gold pieces (gained 15).
Found 13 gold pieces.
You see here 13 gold pieces.
You now have 137 gold pieces (gained 13).
There is a stone staircase leading down here.
You climb downwards.
A jackal and a kobold come into view.
The two-headed ogre shouts in stereo!
The kobold shouts!
The big kobold hits you with a dagger. The kobold hits you.
The jackal barks!
The kobold throws a stone.
The stone closely misses you. The jackal barely misses you.
The big kobold misses you. The kobold closely misses you. x2
There is a stone staircase leading up, spattered with blood here.
You see here a stone.
Unknown command.
The jackal bites you. The kobold misses you.
The big kobold completely misses you. The kobold hits you but does no damage.
You climb upwards.
There is a stone staircase leading down here.
Unknown command.
The jackal closely misses you.
The jackal bites you but does no damage.
The kobold completely misses you.
You hit the jackal.
The jackal is almost dead.
The jackal bites you. The jackal barely misses you.
You hit the jackal.
You kill the jackal!
Cheibriados thoroughly appreciates the change of pace.
You hit the kobold.
You kill the kobold!
Cheibriados appreciates the change of pace.
Casting: Flame Tongue
Confirm with . or Enter, or press ? or * to list all spells.
Aiming: Sticky Flame
Press: ? - help, Shift-Dir - straight line, f - big kobold
Aim: a big kobold, wielding a dagger The sticky flame hits the big kobold.
The big kobold is moderately wounded.
The big kobold is covered in liquid flames!
The big kobold burns!
You barely miss the big kobold.
The big kobold is heavily wounded.
The big kobold burns!
The big kobold hits you with a dagger. The kobold closely misses you.
You barely miss the kobold. You bite the kobold, but do no damage.
The big kobold burns!
The big kobold barely misses you. The kobold barely misses you.
You hit the kobold.
You kill the kobold!
Cheibriados appreciates the change of pace.
The big kobold burns!
You kill the big kobold!
Cheibriados thoroughly appreciates the change of pace.
Your Spellcasting skill increases to level 6!
Things that are here:
a dagger; a big kobold corpse
There is a stone staircase leading down here.
You climb downwards.
The jackal misses you. The kobold misses you. The kobold barely misses you.
The two-headed ogre completely misses you.
The two-headed ogre barely misses you. The jackal misses you.
There is a stone staircase leading up, spattered with blood here.
You see here a stone.
Unknown command.
Casting: Sticky Flame
Confirm with . or Enter, or press ? or * to list all spells.
Aiming: Sticky Flame
Press: ? - help, Shift-Dir - straight line, f - two-headed ogre
Aim: a two-headed ogre, wielding a giant spiked club and a giant club The sticky flame hits the two-headed ogre.
The two-headed ogre is lightly wounded.
The two-headed ogre is covered in liquid flames!
The two-headed ogre burns!
The jackal barely misses you. The kobold hits you with a dagger.
The kobold barely misses you.
The two-headed ogre hits you with a giant spiked club!!
* * * LOW HITPOINT WARNING * * *
The two-headed ogre misses you. The jackal misses you.
Unknown command.
The flow of time bends around you.
Cheibriados rebukes the kobold.
The kobold seems to slow down.
Cheibriados rebukes the kobold.
The kobold seems to slow down.
Cheibriados rebukes the two-headed ogre.
The two-headed ogre seems to slow down.
Cheibriados rebukes the jackal.
The jackal seems to slow down.
You feel slightly less full.
The two-headed ogre burns!
The kobold closely misses you. The kobold barely misses you.
The jackal bites you.
* * * LOW HITPOINT WARNING * * *
You hit the two-headed ogre but do no damage.
You bite the two-headed ogre.
The two-headed ogre is moderately wounded.
The two-headed ogre burns!
The two-headed ogre hits you with a giant spiked club!!
You die...

##### ##
##...##...
##.........
#..........
#...>......
#(K@h......
##K.O......
##...#....
##### ###


You could see a two-headed ogre (burning), a jackal and 2 kobolds.

Vanquished Creatures
  An ice beast (D:6)
  A phantom (D:6)
  2 centaurs
  A big kobold (D:7)
  2 bullfrogs (Sewer)
  3 scorpions
  3 howler monkeys (D:7)
  A crimson imp (D:7)
  A bullfrog zombie (D:7)
  3 iguanas
  2 worker ants
  A gnoll (D:5)
  9 adders
  4 river rats (D:4)
  An adder zombie (D:5)
  3 worms (D:4)
  5 leopard geckos
  3 orcs
  11 giant cockroaches
  4 hobgoblins
  A jackal (D:7)
  6 kobolds
  A quokka (D:3)
  2 ball pythons (Sewer)
  2 bats (D:1)
  3 frilled lizards
  A rat (D:3)
77 creatures vanquished.

Notes
Turn   | Place    | Note
-------+----------+-------------------------------------------
     0 | D:1      | tidbits the Gnoll Fire Elementalist began the quest for the Orb.
     0 | D:1      | Reached XP level 1. HP: 13/13 MP: 6/6
    48 | D:1      | Reached skill level 2 in Conjurations
    58 | D:1      | Reached XP level 2. HP: 10/19 MP: 0/7
   156 | D:2      | Learned a level 2 spell: Throw Flame
   353 | D:3      | Reached XP level 3. HP: 25/25 MP: 5/9
   364 | D:3      | Noticed Grinder
   370 | D:3      | Learned a level 3 spell: Conjure Flame
   385 | D:4      | Reached skill level 5 in Spellcasting
   410 | D:4      | Found Johes's Armour Boutique.
   428 | D:4      | Found a shadowy altar of Dithmenos.
   434 | D:4      | Noticed a scorpion
   447 | D:4      | Got an ivory dagger
   450 | D:4      | Gained mutation: You are somewhat resistant to further mutation. [potion of mutation]
   450 | D:4      | Gained mutation: Your spells are a little harder to cast, but a little more powerful. [potion of mutation]
   515 | D:4      | Found a snail-covered altar of Cheibriados.
   523 | D:4      | Became a worshipper of Cheibriados the Contemplative
   594 | D:4      | Killed a scorpion
   594 | D:4      | Reached skill level 1 in Fighting
   594 | D:4      | Reached skill level 1 in Short Blades
   594 | D:4      | Reached skill level 1 in Long Blades
   594 | D:4      | Reached skill level 1 in Axes
   594 | D:4      | Reached skill level 1 in Maces & Flails
   594 | D:4      | Reached skill level 1 in Polearms
   594 | D:4      | Reached skill level 1 in Staves
   594 | D:4      | Reached skill level 1 in Slings
   594 | D:4      | Reached skill level 1 in Bows
   594 | D:4      | Reached skill level 1 in Crossbows
   594 | D:4      | Reached skill level 1 in Throwing
   594 | D:4      | Reached skill level 1 in Armour
   594 | D:4      | Reached skill level 1 in Shields
   594 | D:4      | Reached skill level 1 in Unarmed Combat
   594 | D:4      | Reached skill level 1 in Invocations
   594 | D:4      | Reached skill level 1 in Evocations
   594 | D:4      | Reached XP level 4. HP: 32/32 MP: 9/11
   599 | D:4      | Reached skill level 1 in Hexes
   599 | D:4      | Reached skill level 1 in Charms
   599 | D:4      | Reached skill level 1 in Summonings
   599 | D:4      | Reached skill level 1 in Necromancy
   599 | D:4      | Reached skill level 1 in Translocations
   599 | D:4      | Reached skill level 1 in Transmutations
   599 | D:4      | Reached skill level 1 in Ice Magic
   599 | D:4      | Reached skill level 1 in Air Magic
   599 | D:4      | Reached skill level 1 in Earth Magic
   599 | D:4      | Reached skill level 1 in Poison Magic
   605 | D:4      | Learned a level 4 spell: Sticky Flame
   682 | D:5      | Entered Level 5 of the Dungeon
   687 | D:5      | Noticed PeterLawrence's ghost (novice MiFi)
   691 | D:5      | Reached XP level 5. HP: 37/37 MP: 8/12
   723 | D:4      | Noticed MenacingMecha's ghost (amateur MiBe)
   793 | D:4      | Reached XP level 6. HP: 18/44 MP: 2/13
   804 | D:4      | Found a glowing drain.
   810 | D:4      | Reached skill level 2 in Invocations
   815 | Sewer    | Entered a sewer
   821 | Sewer    | Reached * piety under Cheibriados
   963 | Sewer    | Reached skill level 2 in Fighting
   963 | Sewer    | Reached skill level 2 in Short Blades
   963 | Sewer    | Reached skill level 2 in Long Blades
   963 | Sewer    | Reached skill level 2 in Axes
   963 | Sewer    | Reached skill level 2 in Maces & Flails
   963 | Sewer    | Reached skill level 2 in Polearms
   963 | Sewer    | Reached skill level 2 in Staves
   963 | Sewer    | Reached skill level 2 in Slings
   963 | Sewer    | Reached skill level 2 in Bows
   963 | Sewer    | Reached skill level 2 in Crossbows
   963 | Sewer    | Reached skill level 2 in Throwing
   963 | Sewer    | Reached skill level 2 in Armour
   963 | Sewer    | Reached skill level 5 in Dodging
   963 | Sewer    | Reached skill level 2 in Shields
   963 | Sewer    | Reached skill level 2 in Unarmed Combat
   963 | Sewer    | Reached skill level 2 in Evocations
  1060 | D:4      | Got a pitted emerald amulet
  1061 | D:4      | Identified the amulet "Waddus" {Spirit Int+4} (You found it on level 4 of the Dungeon)
  1182 | D:5      | Reached XP level 7. HP: 43/50 MP: 15/15
  1229 | D:5      | Identified the +5 dagger of Imu Tatwauw {pierce, +Fly rF+ Str+3 Int-2 Dex+3} (You found it on level 4 of the Dungeon)
  1314 | D:6      | Reached skill level 2 in Hexes
  1314 | D:6      | Reached skill level 2 in Charms
  1314 | D:6      | Reached skill level 2 in Summonings
  1314 | D:6      | Reached skill level 2 in Necromancy
  1314 | D:6      | Reached skill level 2 in Translocations
  1314 | D:6      | Reached skill level 2 in Transmutations
  1314 | D:6      | Reached skill level 2 in Ice Magic
  1314 | D:6      | Reached skill level 2 in Air Magic
  1314 | D:6      | Reached skill level 2 in Earth Magic
  1314 | D:6      | Reached skill level 2 in Poison Magic
  1360 | D:6      | Found an ancient bone altar of Kikubaaqudgha.
  1371 | D:6      | Reached ** piety under Cheibriados
  1371 | D:6      | Reached skill level 3 in Conjurations
  1376 | D:6      | Reached skill level 5 in Stealth
  1379 | D:6      | Reached skill level 3 in Invocations
  1387 | D:6      | Reached XP level 8. HP: 26/57 MP: 2/16
  1407 | D:7      | Reached skill level 6 in Fire Magic
  1439 | D:8      | Noticed a two-headed ogre
  1531 | D:7      | Reached skill level 3 in Fighting
  1531 | D:7      | Reached skill level 3 in Short Blades
  1531 | D:7      | Reached skill level 3 in Long Blades
  1531 | D:7      | Reached skill level 3 in Axes
  1531 | D:7      | Reached skill level 3 in Maces & Flails
  1531 | D:7      | Reached skill level 3 in Polearms
  1531 | D:7      | Reached skill level 3 in Staves
  1531 | D:7      | Reached skill level 3 in Slings
  1531 | D:7      | Reached skill level 3 in Bows
  1531 | D:7      | Reached skill level 3 in Crossbows
  1531 | D:7      | Reached skill level 3 in Throwing
  1531 | D:7      | Reached skill level 3 in Armour
  1531 | D:7      | Reached skill level 3 in Shields
  1531 | D:7      | Reached skill level 3 in Unarmed Combat
  1531 | D:7      | Reached skill level 3 in Evocations
  1642 | D:7      | Reached skill level 6 in Spellcasting
  1649 | D:8      | Mangled by a two-headed ogre

Skill      XL: |  1  2  3  4  5  6  7  8 |
---------------+-------------------------+-----
Conjurations   | 2 3 |  3.4
Spellcasting   | 5 6 |  6.0
Fighting       | 1 2 3 |  3.2
Short Blades   | 1 2 3 |  3.2
Long Blades    | 1 2 3 |  3.2
Axes           | 1 2 3 |  3.2
Maces & Flails | 1 2 3 |  3.2
Polearms       | 1 2 3 |  3.2
Staves         | 1 2 3 |  3.2
Slings         | 1 2 3 |  3.2
Bows           | 1 2 3 |  3.2
Crossbows      | 1 2 3 |  3.2
Throwing       | 1 2 3 |  3.2
Armour         | 1 2 3 |  3.2
Shields        | 1 2 3 |  3.2
Unarmed Combat | 1 2 3 |  3.2
Invocations    | 1 2 3 |  3.5
Evocations     | 1 2 3 |  3.2
Hexes          | 1 2 |  2.6
Charms         | 1 2 |  2.6
Summonings     | 1 2 |  2.6
Necromancy     | 1 2 |  2.6
Translocations | 1 2 |  2.6
Transmutations | 1 2 |  2.6
Ice Magic      | 1 2 |  2.6
Air Magic      | 1 2 |  2.6
Earth Magic    | 1 2 |  2.6
Poison Magic   | 1 2 |  2.6
Dodging        | 5 |  5.6
Stealth        | 5 |  5.3
Fire Magic     | 6 |  6.1

Action                   |  1- 3 |  4- 6 |  7- 9 || total
-------------------------+-------+-------+-------++-------
Melee: Short sword       |     5 |       |       ||     5
       Dagger            |     5 |    16 |    45 ||    66
       Bite              |       |     2 |    10 ||    12
       Punch             |       |       |     1 ||     1
Throw: Tomahawk          |       |       |     2 ||     2
 Cast: Flame Tongue      |    19 |    39 |    24 ||    82
       Sticky Flame      |       |     2 |     3 ||     5
Invok: Bend Time         |       |       |     1 ||     1
  Use: Scroll            |     2 |     6 |     3 ||    11
       Potion            |     1 |     2 |       ||     3
 Stab: Sleeping          |     4 |     5 |     4 ||    13
  Eat: Ration            |     2 |       |       ||     2
Armor: Robe              |     3 |     5 |       ||     8
       Ring mail         |       |       |     7 ||     7
Dodge: Dodged            |     6 |    37 |    72 ||   115

Table legend:
 A = Turns spent in this place as a percentage of turns spent in the entire game.
 B = Non-inter-level travel turns spent in this place as a percentage of non-inter-level travel turns spent in the entire game.
 C = Inter-level travel turns spent in this place as a percentage of turns spent in this place.
 D = Turns resting spent in this place as a percentage of non-inter-level travel turns spent in this place.
 E = Turns spent auto-exploring this place as a percentage of non-inter-level travel turns spent in this place.
 F = Non-inter-level travel turns spent in this place divided by the number of levels of this place that you've seen.
                   A       B       C       D       E      F
               +-------+-------+-------+-------+-------+----------------------
         Total | 100.0 | 100.0 |   5.8 |   0.0 |   0.0 | 172.7
       Dungeon |  88.2 |  87.5 |   6.5 |   0.0 |   0.0 | 170.0
         Sewer |  11.8 |  12.5 |   0.0 |   0.0 |   0.0 | 194.0
               +-------+-------+-------+-------+-------+----------------------

Table legend:
 A = Kills in this place as a percentage of kills in entire the game.
 B = Kills by you in this place as a percentage of kills by you in the entire game.
 C = Kills by friends in this place as a percentage of kills by friends in the entire game.
 D = Other kills in this place as a percentage of other kills in the entire game.
 E = Experience gained in this place as a percentage of experience gained in the entire game.
 F = Experience gained in this place divided by the number of levels of this place that you have seen.
                   A       B       C       D       E      F
               +-------+-------+-------+-------+-------+----------------------
         Total | 100.0 | 100.0 |   N/A |   N/A | 100.0 | 185.2
       Dungeon |  75.3 |  75.3 |   N/A |   N/A |  87.1 | 181.5
         Sewer |  24.7 |  24.7 |   N/A |   N/A |  12.9 | 215.0
               +-------+-------+-------+-------+-------+----------------------

Vault maps used:
D:1:      scummos_arrival_simple_crosswalls
D:2:      chequers_ecumenical_altar_twisty, uniq_robin
D:3:      lemuel_statue_altar, uniq_grinder
D:4:      kennysheep_little_box, lemuel_doored_altar, cheibriados_altar_1,
          lightli_sewer_entry_pipes, serial_shops, shop_fountains, first_ration
D:5:      gammafunk_temple_overflow_elements,
          hangedman_abyss_or_decor_jellyfish_corner
D:6:      kiku_gazebo_garden_becter, minmay_temple_entry_hall
D:8:      dpeg_lair_monsters, uniq_erica
Sewer:    sewer_frog_island_01
